 Dungeon Crawl Stone Soup version 0.28-a0-1348-g050f3537b9 (webtiles) character file.

Game seed: 2488577688075288620

61 Conn the Sneak (level 4, 0/27 HPs)
             Began as an Octopode Fire Elementalist on Dec 30, 2021.
             Slain by Terence (1 damage)
             ... on level 2 of the Dungeon.
             The game lasted 00:03:53 (1920 turns).

Conn the Sneak (Octopode Fire Elementalist)         Turns: 1920, Time: 00:03:54

Health: 0/27       AC:  1    Str:  7    XL:     4   Next: 7%
Magic:  7/7        EV: 10    Int: 19    God:
Gold:   41         SH:  0    Dex: 12    Spells: 7/8 levels left

rFire   . . .      SeeInvis .   a - +0 dagger
rCold   . . .      Faith    .   (no shield)
rNeg    . . .      Spirit   .   (helmet restricted)
rPois   .          Reflect  .   (no amulet)
rElec   .          Harm     .   (no ring)
rCorr   .          Rampage  .   (no ring)
Will    .....                   (no ring)
Stlth   +++.......              (no ring)
HPRegen 0.09/turn               (no ring)
MPRegen 0.10/turn               (no ring)
                                (no ring)
                                (no ring)

@: constricted
A: almost no armour, amphibious, 8 rings, camouflage 1, gelatinous body 1,
(nimble swimmer 1), tentacles
a: no special abilities


You were on level 2 of the Dungeon.
You visited 1 branch of the dungeon, and saw 2 of its levels.

You collected 41 gold pieces.

Inventory:

Hand Weapons
 a - a +0 dagger (weapon)
Missiles
 c - 12 poisoned darts


   Skills:
 + Level 2.2 Dodging
 + Level 4.0 Stealth
 + Level 2.5 Spellcasting
 + Level 1.3 Conjurations
 + Level 3.6 Fire Magic


You had 7 spell levels left.
You knew the following spells:

 Your Spells              Type           Power      Damage    Failure   Level
a - Foxfire               Conj/Fire      44%        2x1d6     6%          1

Your spell library contained the following spells:

 Spells                   Type           Power      Damage    Failure   Level
 Scorch                   Fire           32%        2d7       5%          2
 Conjure Flame            Conj/Fire      11%        6-21      17%         3
 Inner Flame              Hex/Fire       9%         N/A       22%         3
 Flame Wave               Conj/Fire      11%        2d5       50%         4


Dungeon Overview and Level Annotations

Branches:
Dungeon (2/15)

Altars:

Shops:
D:1 [

Annotations:
D:2 Terence


Innate Abilities, Weirdness & Mutations

You cannot wear most types of armour.
You are amphibious.
You can wear up to eight rings at the same time.
Your skin changes colour to match your surroundings (Stealth+).
Your rubbery body absorbs attacks. (AC +1, EV +1)
((You are camouflaged when in or above water. (Stealth+)))
You have tentacles for arms and can constrict up to eight enemies at once.


Message History

The ball python closely misses you. The ball python grabs you.
The ball python constricts you.
You escape the ball python's grasp.
A quokka comes into view.
You closely miss the quokka. You grab the quokka.
You constrict the quokka, but do no damage.
The ball python closely misses you. The ball python misses you.
The quokka bites you but does no damage.
The ball python closely misses you. The ball python grabs you.
The ball python constricts you.
You aren't carrying any potions.
Unknown command.
Unknown command.
You hit the quokka but do no damage.
You constrict the quokka, but do no damage.
The quokka closely misses you. Terence hits you with a +0 hand axe.
The ball python barely misses you. The ball python constricts you.
The quokka bites you.
* * * LOW HITPOINT WARNING * * *
Unknown command.
As you read the scroll labelled GAMOMN ISTRERA, it crumbles to dust.
It is a scroll of identify.
You don't have any unidentified items.
You constrict the quokka. Terence hits you with a +0 hand axe.
* * * LOW HITPOINT WARNING * * *
The ball python closely misses you. The ball python constricts you.
* * * LOW HITPOINT WARNING * * *
The quokka bites you.
* * * LOW HITPOINT WARNING * * *
Unknown command.
Unknown command.
Unknown command.
Unknown command.
Unknown command.
You hit the quokka.
The quokka is almost dead.
You constrict the quokka.
You kill the quokka!
Terence hits you with a +0 hand axe.
You die...

.........)........#
.....####.#######.#
...........# #.#
...........# #.#
####.......######.#
#......$....(..#
#.......#####..#####
#.......# #S@....#
#...<...# #@####.#
#.####.## #.# #.#
#.# .#. #. #.# .# #.
#. #.# .# .. #.# ##
.# #.# .# #.# #


You could see Terence and a ball python.

Vanquished Creatures
  2 adders (D:2)
  2 dart slugs (D:1)
  6 bats
  An endoplasm (D:1)
  2 giant cockroaches
  4 goblins (D:1)
  4 hobgoblins (D:1)
  4 jackals (D:1)
  3 quokkas
  2 ball pythons
  A frilled lizard (D:1)
  3 kobolds
  3 rats (D:1)
37 creatures vanquished.

Vanquished Creatures (others)
  71 foxfires
71 creatures vanquished.

Grand Total: 108 creatures vanquished

Notes
Turn   | Place    | Note
-------+----------+-------------------------------------------
     0 | D:1      | Conn the Octopode Fire Elementalist began the quest for the
                  | Orb.
     0 | D:1      | Reached XP level 1. HP: 11/11 MP: 3/3
   226 | D:1      | Reached XP level 2. HP: 17/17 MP: 0/5
   307 | D:1      | Reached skill level 3 in Stealth
   454 | D:1      | Reached XP level 3. HP: 20/21 MP: 6/6
   472 | D:1      | Found a faded altar of an unknown god.
   626 | D:1      | Found Rysh's Antique Armour Shop.
  1726 | D:2      | Reached XP level 4. HP: 19/27 MP: 1/7
  1865 | D:2      | Noticed Terence
  1867 | D:2      | Reached skill level 4 in Stealth
  1919 | D:2      | HP: 1/27 [quokka (4)]
  1920 | D:2      | Slain by Terence

Illustrated notes

Levels and vault maps discovered:
D:1:      evilmike_arrival_rings, layout_basic,
          hellmonk_ecumenical_altar_prayer_group, serial_shops,
          nicolae_shop_hallway_plus, minivault_5
D:2:      layout_loops_ring, uniq_terence, uniq_jessica

Skill      XL: |  1  2  3  4 |
---------------+-------------+-----
Stealth        | 3 4 |  4.0
Dodging        | |  2.2
Spellcasting   | |  2.5
Conjurations   | |  1.3
Fire Magic     | |  3.6

Action                   |  1- 3 |  4- 6 || total
-------------------------+-------+-------++-------
Melee: Unarmed           |    10 |       ||    10
       Tentacles         |     8 |       ||     8
       Constrict         |     8 |     2 ||    10
       Dagger            |    11 |     7 ||    18
 Cast: Foxfire           |    39 |     3 ||    42
  Use: Potion            |     1 |       ||     1
       Scroll            |       |     1 ||     1
 Stab: Sleeping          |     5 |     1 ||     6
Armor: Skin              |     2 |     1 ||     3
Dodge: Dodged            |    17 |     8 ||    25

Table legend: (Time is in decaauts)
 A = Elapsed time spent in this place.
 B = Non-inter-level travel time spent in this place.
 C = Inter-level travel time spent in this place.
 D = Time resting spent in this place.
 E = Time spent auto-exploring this place.
 F = Levels seen in this place.
 G = Mean time per level.
                   A        B        C        D        E       F      G
               +--------+--------+--------+--------+--------+-----+--------+
         Total |   1919 |   1883 |     36 |      0 |   1571 |   2 |  959.5 |
       Dungeon |   1919 |   1883 |     36 |      0 |   1571 |   2 |  959.5 |
               +--------+--------+--------+--------+--------+-----+--------+

Top non-repeatable levels by time:
     D:1: 1373 daAuts
     D:2: 545 daAuts
